 Dungeon Crawl Stone Soup version 0.31-a0-354-g827e0957a7 (webtiles) character file.

Game seed: 14513542535659855833

200 quinnr the Changeling (level 5, 0/25 HPs)
             Began as a Spriggan Shapeshifter on July 24, 2023.
             Killed by divine providence
             ... invoked by an orc priest
              (10 damage)
             ... on level 5 of the Dungeon.
             The game lasted 00:07:39 (2620 turns).

quinnr the Changeling (Spriggan Shapeshifter)       Turns: 2620, Time: 00:07:39

Health: 0/25       AC:  2    Str: 13    XL:     5   Next: 49%
Magic:  6/6        EV: 17    Int:  9    God:
Gold:   268        SH:  0    Dex: 16    Spells: 4/4 levels left

rFire   . . .        q - +2 dagger (vamp)
rCold   . . .        (no shield)
rNeg    + . .        a - +0 animal skin
rPois   .            (helmet currently unavailable)
rElec   .            (cloak currently unavailable)
rCorr   .            (gloves unavailable)
SInv    +            (boots unavailable)
Will    +....        i - amulet of regeneration
Stlth   +++          W - ring of willpower
HPRegen 1.04/turn    N - ring of positive energy
MPRegen 0.10/turn

%: no passive effects
@: beast-form, very quick
A: beast (slay +4), very small, no large weapons, unfitting armour, see
invisible, speed 3
a: Begin Untransformation


You were on level 5 of the Dungeon.
You were a hulking beast.
You visited 1 branch of the dungeon, and saw 6 of its levels.

You collected 268 gold pieces.


Innate Abilities, Weirdness & Mutations

You are a hulking beast.
Your limbs bulge with bestial killing power. (Slay +4)
You are very small and have problems with some larger weapons.
You are too small for most types of armour.
You have supernaturally acute eyesight. (SInv)
You cover ground extremely quickly. (Speed+++)


   Skills:
 - Level 0.7 Fighting
 - Level 2.6 Dodging
 + Level 4.4 Stealth
 - Level 2.4 Unarmed Combat
 + Level 6.4 Shapeshifting


You had 4 spell levels left.
You didn't know any spells.
Your spell library contained the following spells:

 Spells                   Type           Power      Damage    Failure   Level
 Magic Dart               Conj           0%         1d3       38%         1
 Searing Ray              Conj           0%         2d4       52%         2
 Call Canine Familiar     Summ           0%         N/A       77%         3
 Portal Projectile        Hex/Tloc       0%         N/A       77%         3
 Fulminant Prism          Conj/Hex       0%         3d5       99%         4
 Leda's Liquefaction      Hex/Erth       0%         N/A       99%         4

Inventory:

Hand Weapons
 q - a +2 vampiric dagger (weapon)
Missiles
 h - 9 poisoned darts (quivered)
Armour
 a - a +0 animal skin (worn)
Jewellery
 i - an amulet of regeneration (around neck)
 N - a ring of positive energy (right hand)
 W - a ring of willpower (left hand)
Talismans
 c - a beast talisman
Scrolls
 e - 4 scrolls of teleportation {unknown}
 f - a scroll of brand weapon {unknown}
 g - a scroll of immolation {unknown}
 j - a scroll of identify {unknown}
 k - a scroll of amnesia {unknown}
 r - a scroll of poison {unknown}
 s - a scroll of enchant weapon {unknown}
Potions
 b - a potion of lignification
 d - 2 potions of brilliance {unknown}
 l - a potion of haste {unknown}
 m - 2 potions of attraction {unknown}
 n - 2 potions of curing {unknown}
 o - 2 potions of enlightenment {unknown}
 p - a potion of mutation {unknown}

Dungeon Overview and Level Annotations

Branches:
Dungeon (6/15)
 Temple: D:4-7

Altars:
Uskayaw

Annotations:
D:4 exclusion: phantom, Duvessa, Grinder

▒ ..▒▒▒▒▒.▒
▒▒▒▒ ▒ ▒
▒.▒▒▒.▒
..▒▒▒S▒.▒.▒
.....oo.o.▒
... ▒▒ ▒h▒
... ▒▒.▒▒.▒
▒.▒ ▒.▒...▒
▒.▒ ▒..▒▒▒
▒.▒ ▒▒.▒▒
▒.▒ ▒..▒
▒.▒ ▒.▒.▒
▒>▒ ▒.▒▒▒
▒.▒ ▒.▒


You could see an orc priest, an adder and 2 orcs.


Message History

Where to? (Enter - D:5, ? - help)
Okay, then.
There is an open door here.
There is an open door here.
There is a stone staircase leading up here.
There is a stone staircase leading down here.
You climb downwards.
There is a stone staircase leading up here.
Key pressed, stopping explore.
Key pressed, stopping explore.
Key pressed, stopping explore.
An orc comes into view. It is wielding a +0 whip.
An orc is nearby!
An orc is nearby!
An orc and an orc priest come into view.
The orc priest shouts!
The orc shouts!
The orc priest begins to cast a cantrip, but forgets the words!
The orc moves out of view.
An orc and an adder come into view.
The orc priest closely misses you.
The orc moves out of view.
You closely miss the orc priest.
The orc priest calls down the wrath of Beogh upon you.
Beogh smites you!
Ouch! That really hurt!
* * * LOW HITPOINT WARNING * * *
Unknown command.
You completely miss the orc priest.
The orc priest invokes the aid of Beogh against you.
Beogh smites you!
You die...

Skill      XL: |  1  2  3  4  5 |
---------------+----------------+-----
Shapeshifting  | 5 6 |  6.4
Stealth        | 1 3 4 |  4.4
Fighting       | |  0.7
Dodging        | |  2.6
Unarmed Combat | |  2.4

Action                     |  1- 3 |  4- 6 || total
---------------------------+-------+-------++-------
  Melee: Unarmed           |    80 |       ||    80
         Dagger            |    25 |    45 ||    70
         Punch             |     2 |       ||     2
  Throw: Dart              |       |     5 ||     5
    Use: Scroll            |     1 |       ||     1
   Stab: Sleeping          |     1 |       ||     1
 Armour: Animal skin       |     8 |     4 ||    12
  Dodge: Dodged            |    63 |    33 ||    96

Levels and vault maps discovered:
D:1:      lightli_arrival_flooded_house, layout_rooms, serial_rivers,
          chequers_serial_rivers_micro_c, chequers_serial_rivers_micro_c,
          chequers_serial_rivers_room_b, chequers_serial_rivers_micro_d,
          chequers_serial_rivers_small_a, minmay_small_reverse_x
D:2:      layout_rooms, chequers_jeans
D:3:      layout_basic, serial_bayou, serial_bayou_lake_a, serial_bayou_pond_d,
          serial_bayou_pond_d, serial_bayou_pond_d
D:4:      layout_gridville, uniq_duvessa, uniq_grinder
D:5:      layout_loops_ring, minmay_temple_entry_stoned_glass,
          gammafunk_ghost_split, uniq_sigmund
D:6:      layout_loops_cross, mainiacjoe_overflow_boulevard,
          gammafunk_ghost_abyssal_escape

Notes
Turn   | Place    | Note
-------+----------+-------------------------------------------
     0 | D:1      | quinnr the Spriggan Shapeshifter began the quest for the
                  | Orb.
     0 | D:1      | Reached XP level 1. HP: 9/9 MP: 2/2
   235 | D:1      | Reached XP level 2. HP: 14/14 MP: 3/3
   381 | D:1      | Reached skill level 5 in Shapeshifting
   693 | D:2      | Reached XP level 3. HP: 17/17 MP: 4/4
  1801 | D:3      | Reached skill level 1 in Stealth
  2028 | D:4      | Reached XP level 4. HP: 21/21 MP: 5/5
  2056 | D:4      | Reached skill level 2 in Stealth
  2109 | D:4      | Reached skill level 6 in Shapeshifting
  2162 | D:5      | Entered Level 5 of the Dungeon
  2179 | D:4      | Noticed Grinder
  2206 | D:4      | You fall into a shaft and drop 2 floors!
  2206 | D:6      | Found a hide-covered altar of Uskayaw.
  2282 | D:4      | Noticed a phantom
  2325 | D:4      | Reached skill level 3 in Stealth
  2325 | D:4      | Reached XP level 5. HP: 22/25 MP: 6/6
  2371 | D:4      | Reached skill level 4 in Stealth
  2375 | D:4      | Noticed Duvessa
  2620 | D:5      | Killed from afar by an orc priest

Vanquished Creatures
  A jelly (D:4)
  2 hounds (D:4)
  An iguana (D:4)
  2 adders (D:4)
  3 dart slugs
  4 orcs
  4 ball pythons
  7 bats
  4 endoplasms
  3 giant cockroaches
  6 goblins
  5 hobgoblins
  3 quokkas
  2 frilled lizards
  3 kobolds
  4 rats
54 creatures vanquished.

Table legend: (Time is in decaauts)
 A = Elapsed time spent in this place.
 B = Non-inter-level travel time spent in this place.
 C = Inter-level travel time spent in this place.
 D = Time resting spent in this place.
 E = Time spent auto-exploring this place.
 F = Levels seen in this place.
 G = Mean time per level.
                   A        B        C        D        E       F      G
               +--------+--------+--------+--------+--------+-----+--------+
         Total |   1808 |   1757 |     51 |    162 |   1050 |   6 |  301.3 |
       Dungeon |   1808 |   1757 |     51 |    162 |   1050 |   6 |  301.3 |
               +--------+--------+--------+--------+--------+-----+--------+

Top non-repeatable levels by time:
     D:3: 565 daAuts
     D:1: 453 daAuts
     D:2: 377 daAuts
     D:4: 348 daAuts
     D:5: 58 daAuts
     D:6: 4 daAuts

Table legend:
 A = Non-vault XP
 B = Vault XP
 C = Vault XP percentage of total XP
 D = Non-vault monster count
 E = Vault monster count
 F = Vault count percentage of total count
                 A         B        C        D         E       F
            +---------+---------+-------+---------+---------+-------
      Total |     280 |       7 |   2.4 |      50 |       4 |   7.4
            +---------+---------+-------+---------+---------+-------
        D:1 |      26 |       7 |  21.2 |      14 |       4 |  22.2
        D:2 |      18 |       0 |   0.0 |      11 |       0 |   0.0
        D:3 |      33 |       0 |   0.0 |      16 |       0 |   0.0
        D:4 |     203 |       0 |   0.0 |       9 |       0 |   0.0
            +---------+---------+-------+---------+---------+-------

Levels and vault maps discovered:
D:1:      lightli_arrival_flooded_house, layout_rooms, serial_rivers,
          chequers_serial_rivers_micro_c, chequers_serial_rivers_micro_c,
          chequers_serial_rivers_room_b, chequers_serial_rivers_micro_d,
          chequers_serial_rivers_small_a, minmay_small_reverse_x
D:2:      layout_rooms, chequers_jeans
D:3:      layout_basic, serial_bayou, serial_bayou_lake_a, serial_bayou_pond_d,
          serial_bayou_pond_d, serial_bayou_pond_d
D:4:      layout_gridville, uniq_duvessa, uniq_grinder
D:5:      layout_loops_ring, minmay_temple_entry_stoned_glass,
          gammafunk_ghost_split, uniq_sigmund
D:6:      layout_loops_cross, mainiacjoe_overflow_boulevard,
          gammafunk_ghost_abyssal_escape
